Map: Kairos Junction LE

Players

Harstem

  • Race: Protoss Protoss
  • League: Master
  • Spawn Location: 11:00

A.I. 1 (Very Easy) - Winner!

  • Race: Zerg Zerg
  • Spawn Location: 5:00

VOD

Have the link to the VOD?

Description

Time

  • Played on: May 26, 2019, 5:46 p.m.
  • Length: 4:25
Show
View Real Time Build Order
Export as new Build Order

Harstem Protoss 

Build Orders:  

Get SALT Encoding   

  12  0:00  Probe  
  13  0:13  Probe  
  14  0:18  Pylon  
  14  0:24  Probe  
  15  0:32  Probe  
  15  0:37  Gateway  
  15  0:40  Probe  
  16  0:49  Assimilator  
  17  0:51  Probe  
  17  0:56  Assimilator  
  18  0:59  Probe  
  19  1:07  Probe  
  19  1:08  Gateway  
  19  1:17  Probe  
  20  1:25  Cybernetics Core  
  21  1:29  Probe  
  22  1:41  Pylon  
  22  1:43  Probe  
  23  2:01  Adept x2  
  26  2:04  Robotics Facility  
  26  2:07  Warp Gate  
  27  2:10  Pylon  
  27  2:31  Stalker x2  
  31  2:41  Immortal  
  35  3:00  Pylon  
  35  3:01  Stalker  
  27  3:05  Stalker  
  37  3:09  Warp Prism  
  41  3:27  Pylon  
  41  3:59  Sentry  
  41  4:00  Zealot  
  49  4:03  Pylon  
  49  4:23  Stalker x2  
Show
View Real Time Build Order
Export as new Build Order

A.I. 1 (Very Easy) Zerg - Winner!

Build Orders: Pool Only 

Get SALT Encoding   

  12  0:01  Drone  
  13  0:12  Overlord  
  13  0:17  Drone  
  14  0:36  Spawning Pool  
  14  0:38  Extractor  
  14  0:39  Drone  
  13  0:46  Drone  
  14  0:52  Overlord  
  14  1:23  Queen, Zergling x2  
  17  1:30  Roach Warren  
  16  1:33  Drone  
  16  1:37  Extractor  
  16  1:42  Drone  
  16  1:43  Zergling x2  
  18  1:55  Drone  
  19  2:04  Zergling x2  
  19  2:06  Drone  
  21  2:16  Drone  
  22  2:27  Drone  
  23  2:30  Overlord  
  23  2:34  Drone  
  24  2:41  Drone  
  25  3:02  Zergling x2  
  25  3:32  Zergling x2  
  23  3:53  Zergling x2  
  23  3:56  Drone  
  23  4:08  Drone  
  21  4:20  Roach Warren  
Tags
 
League
Master
Matchup
PvZ
Opening
Pool Only
Player
Harstem
Spawn Locations
Cross Positions
Add a new tag
Caveats
  • Supply blocks, unpowered buildings, or Contaminate may cause inaccurate times.
  • Supply counts are checked every 10 seconds.